 Dungeon Crawl Stone Soup version 0.18-a0-1628-g61c6396 (webtiles) character file.

31608 Ijustatesigmund the Severer (level 13, -15/118 HPs)
             Began as a Minotaur Fighter on Mar 25, 2016.
             Was the Champion of Pakellas.
             Killed from afar by an orc sorcerer (24 damage)
             ... with a bolt of negative energy
             ... on level 2 of the Orcish Mines.
             The game lasted 00:39:47 (18038 turns).

Ijustatesigmund the Severer (Minotaur Fighter)     Turns: 18038, Time: 00:39:49

Health: -15/118    AC: 16    Str: 22    XL:     13   Next: 26%
Magic:  16/16      EV:  9    Int:  8    God:    Pakellas [******]
Gold:   1392       SH: 11    Dex: 14    Spells: 0 memorised, 12 levels left

rFire  . . .     SeeInvis +     a - +0 war axe
rCold  + . .     Gourm    +     u - +1 chain mail {rC+}
rNeg   . . .     Faith    .     e - +1 shield
rPois  +         Spirit   .     (helmet restricted)
rElec  .         Dismiss  .     (no cloak)
rCorr  .         Reflect  .     k - +2 pair of gloves of the Hall of Blades {+Blink SInv}
SustAt .         Harm     .     (no boots)
MR     .....                    D - amulet of the gourmand
Stlth  ..........               d - +3 ring of intelligence
                                Q - ring of poison resistance

@: about to teleport, drained, not resistant to hostile enchantments, extremely
unstealthy
A: retaliatory headbutt, horns 2, see invisible
a: Quick Charge, Device Surge, Supercharge, Renounce Religion, Evoke Blink


You were on level 2 of the Orcish Mines.
You worshipped Pakellas.
Pakellas was exalted by your worship.
You were not hungry.

You visited 3 branches of the dungeon, and saw 17 of its levels.

You collected 1579 gold pieces.
You spent 187 gold pieces at shops.

Inventory:

Hand Weapons
 a - a +0 war axe (weapon)
Missiles
 w - a poisoned javelin (quivered)
 F - 2 throwing nets
Armour
 e - a +1 shield (worn)
 k - the +2 pair of gloves of the Hall of Blades (worn) {+Blink SInv}
   (You found it on level 4 of the Dungeon)

   It lets you see invisible.
   It lets you blink.
 u - a +1 chain mail of cold resistance (worn)
Rods
 p - a +4 rod of shadows (13/13)
   (Pakellas gifted it to you on level 9 of the Dungeon)
Jewellery
 d - a +3 ring of intelligence (right hand)
 h - an uncursed ring of stealth
 l - an uncursed amulet of faith
 D - an amulet of the gourmand (around neck)
 Q - a ring of poison resistance (left hand)
Wands
 t - a wand of teleportation (2/9)
 E - a wand of disintegration (2/24)
 G - a wand of slowing (22/48)
 L - a wand of polymorph (13/24)
 N - a wand of paralysis (12/24)
Scrolls
 b - 2 scrolls of blinking
 q - 2 scrolls of fear
 r - 2 scrolls of teleportation
 y - 3 scrolls of magic mapping
 A - 2 scrolls of amnesia
 O - a scroll of remove curse
 P - 2 scrolls of recharging
 T - a scroll of torment {unknown}
Potions
 g - 2 potions of flight
 m - 2 potions of curing
 o - a potion of agility
 s - 3 potions of cure mutation
 x - 2 potions of ambrosia
 z - 4 potions of mutation
 C - 6 potions of lignification
 I - 8 potions of magic
 S - a potion of berserk rage
Books
 i - a book of Callings

   Spells                             Type                      Level
   a - Summon Small Mammal            Summoning                    1
   b - Call Imp                       Summoning                    2
   c - Call Canine Familiar           Summoning                    3
   d - Summon Guardian Golem          Hexes/Summoning              3
   e - Summon Lightning Spire         Summoning/Air                4
   f - Summon Ice Beast               Ice/Summoning                4
 B - a book of the Earth

   Spells                             Type                      Level
   a - Leda's Liquefaction            Hexes/Earth                  4
   b - Bolt of Magma                  Conjuration/Fire/Earth       5
   c - Statue Form                    Transmutation/Earth          6
   d - Iron Shot                      Conjuration/Earth            6
   e - Shatter                        Earth                        9
 H - a book of Fire

   Spells                             Type                      Level
   a - Ignite Poison                  Fire/Transmutation/Poison    3
   b - Fireball                       Conjuration/Fire             5
   c - Bolt of Fire                   Conjuration/Fire             6
   d - Delayed Fireball               Conjuration/Fire             7
   e - Ring of Flames                 Charms/Fire                  7
 K - a Young Poisoner's Handbook

   Spells                             Type                      Level
   a - Sting                          Conjuration/Poison           1
   b - Cure Poison                    Poison                       2
   c - Mephitic Cloud                 Conjuration/Poison/Air       3
   d - Olgreb's Toxic Radiance        Poison                       4
   e - Venom Bolt                     Conjuration/Poison           5
 R - a book of Flames

   Spells                             Type                      Level
   a - Flame Tongue                   Conjuration/Fire             1
   b - Throw Flame                    Conjuration/Fire             2
   c - Conjure Flame                  Conjuration/Fire             3
   d - Inner Flame                    Hexes/Fire                   3
   e - Sticky Flame                   Conjuration/Fire             4
   f - Fireball                       Conjuration/Fire             5
Miscellaneous
 v - a phantom mirror
Comestibles
 c - 6 meat rations
 f - 7 bread rations
 j - a royal jelly
 J - 19 fruits


   Skills:
 + Level 12.2(10.9) Fighting
 + Level 15.4(14.0) Axes
 - Level 6.4(5.3) Throwing
 - Level 12.1(10.8) Armour
 + Level 6.4(5.3) Dodging
 - Level 7.1(5.9) Shields
 + Level 6.2(5.1) Evocations


You had 12 spell levels left.
You didn't know any spells.

Dungeon Overview and Level Annotations

Branches:
Dungeon (14/15)            Temple (1/1) D:5            Lair (0/8) D:8
    Orc (2/2) D:9             Elf (0/3) Orc:2        Vaults (0/5) D:14

Altars:
Ashenzari
Cheibriados
Dithmenos
Elyvilon
Fedhas
Gozag
Kikubaaqudgha
Makhleb
Nemelex Xobeh
Okawaru
Pakellas
Qazlal
Ru
Sif Muna
Trog
Vehumet
Xom
Yredelemnul
Zin
The Shining One

Shops:
D:6 *   Orc:2 *

Annotations:
D:2 exclusion: oklob plant


Innate Abilities, Weirdness & Mutations

You reflexively headbutt those who attack you in melee.
You have a pair of horns on your head.
You have supernaturally acute eyesight.


Message History

The hellwing hits you!
The hellwing hits you but does no damage.
The orc sorcerer casts a spell at you. The bolt of fire hits you!
* * * LOW HITPOINT WARNING * * *
The orc warrior no longer looks unusually strong.
The hellwing swoops through the air toward you!
The hellwing barely misses you. You block the hellwing's attack.
Read which item? (? for menu, Esc to quit)
As you read the scroll of teleportation, it crumbles to dust.
You feel strangely unstable. The hellwing hits you!
* * * LOW HITPOINT WARNING * * *
You block the hellwing's attack. The orc wizard casts a spell at you.
The magic dart hits you!
* * * LOW HITPOINT WARNING * * *
The orc sorcerer points at you and mumbles some strange words.
The bolt of negative energy hits you!
You feel drained.
You die...
Pakellas says: Back to the drawing board!

# ## .... .. .# ###
#....... ##
##.##......#. #
##....#........ ## #
#.............# #.##
#
#.............###...#
#
#............#.#....#
##..........##.@.4..#
#...................#
##
##......).....oo...##
##.
###...)..).........##
#..
#....#...)..4.....##
###.
....##...##(oo...##
##...
..########(......#
#.... #####
##.(.......# ##...
..#.###.)).......#
#...


You could see 2 hellwings, an orc sorcerer, 2 orc warriors and an orc wizard.

Vanquished Creatures
  Snorg (Orc:2)
  A hydra (D:11)
  Erica (D:9)
  A centaur warrior (D:13)
  An orc high priest (Orc:2)
  2 unseen horrors
  8 hill giants
  2 griffons (D:11)
  2 ugly things
  4 orc knights
  3 slime creatures (D:12)
  4 orc sorcerers
  4 cyclopes
  A centaur skeleton (D:13)
  A gargoyle (D:12)
  A komodo dragon (D:13)
  2 efreet
  A polar bear (shapeshifter) (D:13)
  5 polar bears
  7 trolls
  A two-headed ogre (Orc:1)
  2 shadows
  Sigmund (D:6)
  A wyvern (D:11)
  A steam dragon (D:13)
  4 yaks
  6 hungry ghosts
  Eustachio (D:6)
  2 hippogriffs
  Menkaure (D:5)
  Edmund (D:5)
  4 wargs
  2 soldier ants
  An ice beast (D:9)
  9 black bears
  12 orc warriors
  6 sky beasts
  A phantom (D:5)
  A necrophage (D:10)
  11 centaurs
  10 ogres
  A crocodile (D:8)
  2 big kobolds
  10 giant frogs
  2 gnoll sergeants
  A wyvern skeleton (D:9)
  3 scorpions
  A troll zombie (D:9)
  6 killer bees
  4 wights
  5 howler monkeys
  5 giant frog zombies
  3 crimson imps
  2 quasits
  Crazy Yiuf (D:6)
  A gnoll shaman (D:7)
  12 orc priests
  2 giant frog skeletons
  5 hounds
  4 jellies
  22 orc wizards
  3 iguanas
  10 worker ants
  A sheep (D:11)
  2 killer bee zombies
  5 ogre zombies (D:9)
  A hound zombie (D:9)
  14 gnolls
  A howler monkey skeleton (D:8)
  6 adders
  5 shadow imps
  An ooze (D:3)
  3 worms (D:2)
  4 dart slugs
  5 giant geckos
  65 orcs
  4 giant cockroaches
  7 goblins
  11 hobgoblins
  3 jackals
  8 quokkas
  7 bats
  A giant gecko skeleton (D:9)
  A giant gecko zombie (D:8)
  6 giant newts
  A goblin zombie (D:9)
  2 hobgoblin skeletons (D:9)
  4 hobgoblin zombies (D:9)
  11 kobolds
  3 orc skeletons (D:9)
  8 orc zombies (D:9)
  9 rats
434 creatures vanquished.

Vanquished Creatures (others)
  An orc priest (Orc:2)
  2 orc wizards
  A kobold (D:13)
  15 toadstools (D:2)
19 creatures vanquished.

Grand Total: 453 creatures vanquished

Notes
Turn   | Place    | Note
--------------------------------------------------------------
     0 | D:1      | Ijustatesigmund the Minotaur Fighter began the quest for the Orb.
     0 | D:1      | Reached XP level 1. HP: 19/19 MP: 0/0
   157 | D:1      | Reached skill level 3 in Axes
   179 | D:1      | Reached XP level 2. HP: 26/26 MP: 1/1
   316 | D:1      | Reached skill level 4 in Axes
   511 | D:2      | Reached XP level 3. HP: 29/31 MP: 2/2
   565 | D:2      | Gained mutation: You have supernaturally acute eyesight. [potion of beneficial mutation]
   764 | D:2      | Reached skill level 5 in Axes
   856 | D:2      | Reached XP level 4. HP: 12/39 MP: 3/3
  1057 | D:2      | Noticed a black bear
  1065 | D:2      | Killed a black bear
  1065 | D:2      | Reached XP level 5. HP: 31/45 MP: 4/4
  1169 | D:2      | Found a blossoming altar of Fedhas.
  1187 | D:2      | Noticed an oklob plant
  1376 | D:3      | HP: 2/45 [orc wizard/magic dart (6)]
  1382 | D:3      | Reached skill level 6 in Axes
  1676 | D:3      | Reached XP level 6. HP: 36/51 MP: 5/5
  1863 | D:3      | Reached skill level 5 in Shields
  1919 | D:4      | Reached skill level 5 in Armour
  2618 | D:4      | Reached XP level 7. HP: 32/57 MP: 6/6
  2743 | D:4      | Got a pair of distressingly furry gloves
  2749 | D:4      | Identified the +2 pair of gloves of the Hall of Blades {+Blink SInv} (You found it on level 4 of the Dungeon)
  2857 | D:4      | Reached skill level 7 in Axes
  2966 | D:5      | Entered Level 5 of the Dungeon
  2980 | D:5      | Found a staircase to the Ecumenical Temple.
  3041 | D:5      | Noticed Edmund
  3070 | D:5      | Killed Edmund
  3589 | D:5      | Found an opulent altar of Gozag.
  3686 | D:5      | Reached XP level 8. HP: 64/64 MP: 7/7
  3689 | Temple   | Entered the Ecumenical Temple
  3718 | Temple   | Became a worshipper of Pakellas the Inventive
  4063 | D:5      | Reached skill level 8 in Axes
  4159 | D:5      | Noticed Menkaure
  4165 | D:5      | Killed Menkaure
  4165 | D:5      | Reached skill level 1 in Evocations
  4428 | D:6      | Noticed Sigmund
  4436 | D:6      | Killed Sigmund
  4443 | D:6      | Reached skill level 9 in Axes
  4458 | D:6      | Found Luill's General Store.
  4466 | D:6      | Bought a scroll of teleportation for 45 gold pieces
  4466 | D:6      | Bought a scroll of identify for 30 gold pieces
  4466 | D:6      | Bought a scroll of identify for 30 gold pieces
  4531 | D:6      | Reached skill level 1 in Dodging
  4543 | D:6      | Reached * piety under Pakellas
  4572 | D:6      | Reached XP level 9. HP: 44/70 MP: 10/10
  5264 | D:6      | Noticed Crazy Yiuf
  5268 | D:6      | Killed Crazy Yiuf
  5326 | D:6      | Noticed Eustachio
  5350 | D:6      | Killed Eustachio
  5448 | D:7      | Found a snail-covered altar of Cheibriados.
  5497 | D:7      | Reached skill level 10 in Axes
  5819 | D:7      | Reached ** piety under Pakellas
  5819 | D:7      | Received a gift from Pakellas
  6504 | D:8      | Found a sparkling altar of Nemelex Xobeh.
  6509 | D:8      | Reached skill level 5 in Evocations
  6519 | D:8      | Reached skill level 5 in Dodging
  6748 | D:8      | Found a staircase to the Lair.
  6808 | D:8      | Reached *** piety under Pakellas
  7047 | D:9      | Reached XP level 10. HP: 47/77 MP: 13/13
  7198 | D:9      | Noticed Erica
  7211 | D:9      | Killed Erica
  7211 | D:9      | Reached skill level 11 in Axes
  7616 | D:9      | Found a staircase to the Orcish Mines.
  7899 | D:9      | Reached skill level 5 in Fighting
  8077 | D:9      | Reached **** piety under Pakellas
  8077 | D:9      | Received a gift from Pakellas
  8083 | D:9      | Found an oddly glowing altar of Pakellas.
  8295 | D:9      | Reached skill level 12 in Axes
  8372 | D:9      | Found a blossoming altar of Fedhas.
  8508 | D:10     | Entered Level 10 of the Dungeon
  8669 | D:10     | Found an oddly glowing altar of Pakellas.
  8680 | D:10     | Noticed a hill giant
  8976 | D:10     | Killed a hill giant
  9159 | D:10     | Noticed a hill giant
  9171 | D:10     | Killed a hill giant
  9196 | D:10     | Noticed a hill giant
  9202 | D:10     | Killed a hill giant
  9202 | D:10     | Reached XP level 11. HP: 37/94 MP: 14/14
  9499 | D:10     | Noticed an unseen horror
  9513 | D:10     | Killed an unseen horror
  9513 | D:10     | Reached skill level 13 in Axes
  9698 | D:11     | Noticed a hill giant
  9710 | D:11     | Killed a hill giant
  9724 | D:11     | Noticed a four-headed hydra
  9749 | D:11     | Killed a nine-headed hydra
  9787 | D:11     | Reached ***** piety under Pakellas
 10002 | D:11     | Noticed an unseen horror
 10014 | D:11     | Killed an unseen horror
 10217 | D:11     | Noticed a hill giant
 10229 | D:11     | Killed a hill giant
 10330 | D:11     | Found a huge runed gate.
 10330 | D:11     | Found a huge runed gate.
 10330 | D:11     | Found a huge runed gate.
 10330 | D:11     | Found a huge runed gate.
 10330 | D:11     | Noticed a griffon
 10330 | D:11     | Noticed a griffon
 10662 | D:11     | Noticed a brown ugly thing
 10675 | D:11     | Killed a brown ugly thing
 10945 | D:10     | Reached skill level 10 in Armour
 11177 | D:11     | Reached skill level 1 in Throwing
 11188 | D:11     | Killed a griffon
 11201 | D:11     | Killed a griffon
 11201 | D:11     | Reached skill level 10 in Fighting
 11201 | D:11     | Reached skill level 14 in Axes
 11268 | D:11     | Reached XP level 12. HP: 46/106 MP: 15/15
 13210 | D:13     | Noticed a centaur warrior
 13217 | D:13     | Killed a centaur warrior
 13892 | D:13     | Identified a +4 rod of shadows (13/13) (Pakellas gifted it to you on level 9 of the Dungeon)
 13913 | D:13     | Reached skill level 5 in Throwing
 14501 | D:13     | Reached ****** piety under Pakellas
 15118 | D:14     | Found a gate to the Vaults.
 15118 | D:14     | Noticed a vault guard
 15118 | D:14     | Noticed a vault guard
 15118 | D:14     | Noticed a vault guard
 15119 | D:14     | Noticed a vault guard
 15120 | D:14     | Noticed a death knight
 15275 | Orc:1    | Entered Level 1 of the Orcish Mines
 15288 | Orc:1    | Reached skill level 15 in Axes
 15494 | Orc:2    | Entered Level 2 of the Orcish Mines
 15494 | Orc:2    | Noticed Snorg
 15506 | Orc:2    | Killed Snorg
 15530 | Orc:2    | Found a staircase to the Elven Halls.
 15965 | Orc:2    | Reached XP level 13. HP: 117/117 MP: 16/16
 17181 | Orc:2    | Found Ceonkaco's General Store.
 17201 | Orc:2    | Bought a scroll of blinking for 82 gold pieces
 18038 | Orc:2    | Killed from afar by an orc sorcerer

Vault maps used:
D:1:      lightli_arrival_statuegarden, glass_columns_b
D:2:      tgw_fedhas
D:3:      kennysheep_generic_room_5
D:4:      first_bread, minmay_close_crescents
D:5:      kennysheep_big_flooded_room, kennysheep_mini_moat, temple_doors_e,
          uniq_menkaure, uniq_edmund
D:6:      serial_shops, nicolae_shop_statue_plus, uniq_eustachio,
          uniq_crazy_yiuf_cottage, uniq_sigmund
D:7:      overflow_temple_1_default
D:8:      nemelex_deck, lair_0_dummy
D:9:      zombieorc1_lemuel, basic_altar, hangedman_tree_tricks, abandoned_shop,
          minmay_misc_feat_columns, uniq_erica
D:10:     hangedman_decor_push, grunt_pakellas_basics
D:11:     lemuel_bear_cage, st_stairs_6
D:13:     kennysheep_generic_room_8
D:14:     lightli_vaults_fourway_checkpoint, kennysheep_small_square
Temple:   nicolae_temple_the_god_donut
Orc:1:    basic_altar
Orc:2:    grunt_orc_tribal_feast, serial_shops, nicolae_shop_stone, uniq_snorg

Skill      XL: |  1  2  3  4  5  6  7  8  9 10 11 12 13 |
---------------+----------------------------------------+-----
Axes           | 3 4 5 6 7 9 10 12 14 15 | 15.4
Armour         | 4 5 6 8 10 11 12 | 12.1
Shields        | 4 5 6 7 |  7.1
Evocations     | 3 5 6 |  6.2
Dodging        | 1 5 6 |  6.4
Fighting       | 8 10 11 12 | 12.2
Throwing       | 2 6 |  6.4

Action                   |  1- 3 |  4- 6 |  7- 9 | 10-12 | 13-15 || total
-------------------------+-------+-------+-------+-------+-------++-------
Melee: War axe           |    96 |   131 |   424 |   928 |   150 ||  1729
Throw: Javelin           |       |       |       |       |     5 ||     5
 Abil: Evoke Blink       |       |       |       |     2 |     2 ||     4
Evoke: Wand              |       |       |       |     4 |     9 ||    13
  Use: Scroll            |     5 |     4 |     5 |     8 |     3 ||    25
       Potion            |     1 |     4 |       |     4 |     2 ||    11
 Stab: Paralysed         |       |       |       |     1 |     1 ||     2
  Eat: Chunk             |       |     6 |    21 |    48 |     3 ||    78
       Beef jerky        |       |       |     2 |     1 |       ||     3
       Fruit             |       |       |       |     3 |       ||     3
       Bread ration      |       |       |       |     1 |       ||     1
       Pizza             |       |       |       |     1 |       ||     1
